 Dungeon Crawl Stone Soup version 0.28-a0-751-gef3a642a4e (webtiles) character file.

Game seed: 14572915251739915268

30 Gargoyl the Skirmisher (level 3, -2/34 (35) HPs)
             Began as a Gnoll Abyssal Knight on Oct 30, 2021.
             Was a Follower of Lugonu.
             Succumbed to Crazy Yiuf's poison
             ... on level 2 of the Dungeon.
             The game lasted 00:02:06 (2222 turns).

Gargoyl the Skirmisher (Gnoll Abyssal Knight)       Turns: 2222, Time: 00:02:07

HP:   -2/34 (35)    AC:  9    Str: 13    XL:     3   Next: 18%
MP:   6/6           EV:  3    Int:  9    God:    Lugonu [*.....]
Gold: 82            SH:  7    Dex: 12    Spells: 3/3 levels left

rFire   . . .      SeeInvis .   a - +1 hand axe
rCold   . . .      Faith    .   c - +0 kite shield
rNeg    . . .      Spirit   .   i - +0 chain mail
rPois   .          Reflect  .   (no helmet)
rElec   .          Harm     .   (no cloak)
rCorr   .          Rampage  .   (no gloves)
Will    .....                   (no boots)
Stlth   ..........              (no amulet)
HPRegen 0.11/turn               (no ring)
MPRegen 0.10/turn               (no ring)

@: lethally poisoned (-2 -> -15), attractive, very slightly contaminated,
lightly drained
A: fangs 1, strong nose, distributed training
a: Renounce Religion, Depart the Abyss


You were on level 2 of the Dungeon.
You worshipped Lugonu.
Lugonu was aware of your devotion.
You visited 1 branch of the dungeon, and saw 2 of its levels.
You visited the Abyss 1 time.

You collected 82 gold pieces.

Inventory:

Hand Weapons
 a - a +1 hand axe (weapon)
 k - a +0 war axe
Missiles
 h - 16 poisoned darts (quivered)
Armour
 c - a +0 kite shield (worn)
 i - a +0 chain mail (worn)
Scrolls
 b - 2 scrolls of identify
 g - a scroll of teleportation
 j - a scroll of vulnerability {unknown}
Potions
 f - a potion of invisibility {unknown}
 l - a potion of cancellation {unknown}


   Skills:
 + Level 6.5 Fighting
 + Level 0.6 Short Blades
 + Level 0.6 Long Blades
 + Level 4.5 Axes
 + Level 0.6 Maces & Flails
 + Level 0.6 Polearms
 + Level 0.6 Staves
 + Level 0.6 Slings
 + Level 0.6 Bows
 + Level 0.6 Crossbows
 + Level 0.6 Throwing
 + Level 4.5 Armour
 + Level 2.5 Dodging
 + Level 0.6 Stealth
 + Level 0.6 Shields
 + Level 0.6 Unarmed Combat
 + Level 0.6 Spellcasting
 + Level 0.4 Conjurations
 + Level 0.4 Hexes
 + Level 0.4 Summonings
 + Level 0.4 Necromancy
 + Level 0.4 Translocations
 + Level 0.4 Transmutations
 + Level 0.4 Fire Magic
 + Level 0.4 Ice Magic
 + Level 0.4 Air Magic
 + Level 0.4 Earth Magic
 + Level 0.4 Poison Magic
 + Level 4.5 Invocations
 + Level 0.6 Evocations


You had 3 spell levels left.
You didn't know any spells.
Your spell library contained the following spells:

 Spells                   Type           Power      Damage    Failure   Level
 Dazzling Flash           Conj/Hex       2%         N/A       100%        3
 Airstrike                Air            0%         N/A       100%        4
 Flame Wave               Conj/Fire      1%         3d3       100%        4
 Summon Lightning Spire   Summ/Air       1%         N/A       100%        4
 Lightning Bolt           Conj/Air       0%         1d11      100%        5


Dungeon Overview and Level Annotations

Branches:
Dungeon (2/15)

Altars:

Annotations:
D:2 Crazy Yiuf


Innate Abilities, Weirdness & Mutations

You have very sharp teeth.
Your uncanny sense of smell can sniff out nearby items.
Your experience applies equally to all skills.


Message History

Crazy Yiuf freezes you.
Throw: 19 darts (poison)
Press: ? - help, Q - select action, (/) - cycle Shift-Dir - straight line, f/p - Crazy Yiuf
Aim: Crazy Yiuf, wielding a +3 quarterstaff of chaos and wearing a +0 cloak (61% to hit)
You throw a poisoned dart.
The poisoned dart closely misses Crazy Yiuf.
You feel sick. You block Crazy Yiuf's attack.
You feel better.
Crazy Yiuf hits you with a +3 quarterstaff of chaos.
You feel drained.
Throw: 18 darts (poison)
Press: ? - help, Q - select action, (/) - cycle Shift-Dir - straight line, f/p - Crazy Yiuf
Aim: Crazy Yiuf, wielding a +3 quarterstaff of chaos and wearing a +0 cloak (64% to hit)
You throw a poisoned dart.
The poisoned dart barely misses Crazy Yiuf.
You block Crazy Yiuf's attack. x2
You flicker for a moment.
Crazy Yiuf grits, "Scoff!
Mugger green verde."
You flicker back into view.
Crazy Yiuf whimpers, "Aardvark pontify chair!"
Throw: 17 darts (poison)
Press: ? - help, Q - select action, (/) - cycle Shift-Dir - straight line, f/p - Crazy Yiuf
Aim: Crazy Yiuf, wielding a +3 quarterstaff of chaos and wearing a +0 cloak (63% to hit)
You throw a poisoned dart. The poisoned dart hits Crazy Yiuf.
Crazy Yiuf is poisoned.
Crazy Yiuf yells, "Aardvark disdain illywillydillykilly!"
You block Crazy Yiuf's attack.
You closely miss Crazy Yiuf.
Crazy Yiuf is lightly wounded.
Crazy Yiuf hits you with a +3 quarterstaff of chaos!
* * * LOW HITPOINT WARNING * * *
Crazy Yiuf burns you.
* * * LOW HITPOINT WARNING * * *
Crazy Yiuf sings, "Trees, trees, trees, circus!"
Crazy Yiuf hits you with a +3 quarterstaff of chaos.
* * * LOW HITPOINT WARNING * * *
You are lethally poisoned!
It was a potion of attraction.
You feel attractive to monsters.
You die...

........# #...........##'####
........# #.................#
........# #.................#
######### ##..................
#...########........ ##..#
#........ #..# #........
#######..########........ ###
###.#....g@................
#...##..#......#############....
#(..'.####........# ##### #)..###
##....##.# ### #######.#
########### #.####..........
#.#.......###### ##########
#.#.............
.........#########.#.............


You could see Crazy Yiuf (poisoned).

Vanquished Creatures
  A ball python (D:1)
  3 endoplasms
  3 giant cockroaches
  3 goblins (D:1)
  2 hobgoblins
  A quokka (D:1)
  6 bats
  5 frilled lizards (D:1)
  2 kobolds (D:2)
  A rat (D:1)
27 creatures vanquished.

Notes
Turn   | Place    | Note
-------+----------+-------------------------------------------
     0 | Abyss:1  | Gargoyl the Gnoll Abyssal Knight began the quest for the
                  | Orb.
     0 | Abyss:1  | Reached XP level 1. HP: 23/23 MP: 3/3
    99 | Abyss:1  | Noticed a golden eye
   123 | Abyss:1  | Found a corrupted altar of Lugonu.
   184 | Abyss:1  | Noticed a ynoxinul
   195 | Abyss:1  | Noticed a chaos spawn
   212 | Abyss:1  | Noticed a large abomination
   223 | Abyss:1  | Found a corrupted altar of Lugonu.
   224 | Abyss:1  | Noticed a flying skull
   237 | D:1      | Escaped the Abyss
   676 | D:1      | Reached XP level 2. HP: 29/29 MP: 5/5
  1034 | D:1      | Reached * piety under Lugonu
  1365 | D:2      | Found a faded altar of an unknown god.
  1443 | D:2      | Got the Grimoire of Combat Magic
  1469 | D:2      | Reached XP level 3. HP: 35/35 MP: 6/6
  1790 | D:2      | Found a runed translucent door.
  1791 | D:2      | Noticed Crazy Yiuf
  2221 | D:2      | HP: 1/34 [Crazy Yiuf (6)]
  2222 | D:2      | Succumbed to Crazy Yiuf's poison

Illustrated notes

Levels and vault maps discovered:
D:1:      eino_arrival_cavern_d, layout_basic, minmay_misc_feat_five
D:2:      layout_basic, hellmonk_ecumenical_altar_heavens_door,
          uniq_crazy_yiuf_cottage

Action                   || total
-------------------------++-------
Melee: Hand axe          ||    71
       Bite              ||     2
Throw: Dart              ||     5
Invok: Depart the Abyss  ||     1
  Use: Scroll            ||     4
       Potion            ||     2
Armor: Leather armour    ||    14
       Chain mail        ||    24
Dodge: Dodged            ||    48
Block: Kite shield       ||    42

Table legend: (Time is in decaauts)
 A = Elapsed time spent in this place.
 B = Non-inter-level travel time spent in this place.
 C = Inter-level travel time spent in this place.
 D = Time resting spent in this place.
 E = Time spent auto-exploring this place.
 F = Levels seen in this place.
 G = Mean time per level.
                   A        B        C        D        E       F      G
               +--------+--------+--------+--------+--------+-----+--------+
         Total |   2251 |   2237 |     14 |      0 |   1851 |   3 |  750.3 |
       Dungeon |   2012 |   1998 |     14 |      0 |   1674 |   2 | 1006.0 |
         Abyss |    239 |    239 |      0 |      0 |    177 |   1 |  239.0 |
               +--------+--------+--------+--------+--------+-----+--------+

Top non-repeatable levels by time:
     D:1: 1061 daAuts
     D:2: 950 daAuts
 Abyss:1: 239 daAuts
